 Dungeon Crawl Stone Soup version 0.30.1-4-g462c640d31 (webtiles) character file.

Game seed: 9559924019313034284

406 arthad the Trooper (level 6, -9/40 HPs)
             Began as a Gargoyle Fighter on Aug 23, 2023.
             Killed from afar by Dowan (16 damage)
             ... with a stone arrow
             ... on level 4 of the Dungeon.
             The game lasted 00:03:11 (2303 turns).

arthad the Trooper (Gargoyle Fighter)               Turns: 2303, Time: 00:03:11

Health: -9/40      AC: 11    Str: 21    XL:     6   Next: 87%
Magic:  6/6        EV:  9    Int:  9    God:
Gold:   226        SH:  4    Dex:  9    Spells: 5/5 levels left

rFire   . . .        w - +0 morningstar
rCold   . . .        c - +0 buckler
rNeg    + . .        b - +0 scale mail
rPois   ∞            (no helmet)
rElec   +            (no cloak)
rCorr   .            (no gloves)
SInv    .            (no boots)
Will    .....        (no amulet) Stlth
                     (no ring)
HPRegen 0.26/turn    (no ring)
MPRegen 0.10/turn

%: no passive effects
@: mighty, lit by a corona, glowing
A: sickness immunity, AC +4, negative energy resistance 1, electricity
resistance, torment resistance 1, petrification resistance
a: no special abilities


You were on level 4 of the Dungeon.
You visited 1 branch of the dungeon, and saw 4 of its levels.

You collected 226 gold pieces.

Inventory:

Hand Weapons
 a - a +0 flail
 w - a +0 morningstar (weapon)
 y - a +1 heavy flail
Missiles
 q - 13 poisoned darts (quivered)
 x - 3 boomerangs
Armour
 b - a +0 scale mail (worn)
 c - a +0 buckler (worn)
Scrolls
 f - a scroll of teleportation {unknown}
 g - 2 scrolls of blinking {unknown}
 i - 4 scrolls of fear {unknown}
 j - 5 scrolls of identify {unknown}
 l - 2 scrolls of enchant weapon {unknown}
 m - a scroll of amnesia {unknown}
 p - 2 scrolls of poison {unknown}
 r - 4 scrolls of fog {unknown}
 t - a scroll of vulnerability {unknown}
 v - a scroll of enchant armour {unknown}
Potions
 d - a potion of might
 e - a potion of cancellation {unknown}
 h - a potion of berserk rage {unknown}
 k - 2 potions of curing {unknown}
 n - a potion of heal wounds {unknown}
 o - a potion of haste {unknown}
 s - a potion of brilliance {unknown}
 u - a potion of lignification {unknown}


   Skills:
 * Level 4.8 Fighting
 * Level 3.8 Maces & Flails
 + Level 1.3 Throwing
 * Level 4.8 Armour
 * Level 4.8 Shields


You had 5 spell levels left.
You didn't know any spells.
Your spell library contained the following spells:

 Spells                   Type           Power      Damage    Failure   Level
 Slow                     Hex            0%         N/A       78%         1
 Summon Small Mammal      Summ           0%         N/A       78%         1
 Scorch                   Fire           0%         2d5       89%         2
 Call Canine Familiar     Summ           0%         N/A       98%         3
 Confusing Touch          Hex            0%         N/A       98%         3
 Summon Guardian Golem    Hex/Summ       0%         N/A       98%         3
 Vampiric Draining        Necr           0%         2d6       98%         3
 Flame Wave               Conj/Fire      0%         2d4       100%        4
 Summon Cactus Giant      Summ           0%         N/A       100%        6


Dungeon Overview and Level Annotations

Branches:
Dungeon (4/15)
 Temple: D:4-7

Altars:

Annotations:
D:4 Dowan


Innate Abilities, Weirdness & Mutations

You are immune to sickness and miasma.
Your stone body is resilient. (AC +4)
You are immune to poison.
You resist negative energy. (rN+)
You are resistant to electric shocks. (rElec)
You are resistant to unholy torment.
You are immune to petrification.


Message History

You barely miss Duvessa.
Duvessa is moderately wounded.
You block Duvessa's attack. Dowan barely misses you.
Duvessa hits you with a +0 short sword. Dowan casts a spell at you.
You resist with some effort.
You hit Duvessa but do no damage.
Duvessa is moderately wounded.
Dowan barely misses you. Duvessa hits you with a +0 short sword.
You closely miss Duvessa.
Duvessa is moderately wounded.
Dowan closely misses you. Duvessa hits you with a +0 short sword.
You sock Duvessa!
Duvessa is heavily wounded.
Duvessa hits you but does no damage. Dowan hits you but does no damage.
Dowan points at you and mumbles some strange words.
You are outlined in light.
Duvessa hits you with a +0 short sword.
You barely miss Duvessa.
Duvessa is heavily wounded.
Dowan hits you but does no damage. Duvessa completely misses you.
You sock Duvessa!
Duvessa is severely wounded.
Duvessa hits you with a +0 short sword. Dowan completely misses you.
You sock Duvessa!
You kill Duvessa!
Dowan screams, "No!
Oh no!"
Dowan seems to find hidden reserves of power!
Dowan hits you but does no damage. x2; You block Dowan's attack.
You closely miss Dowan. Dowan hits you but does no damage. x2
You bludgeon Dowan!!
Dowan is almost dead.
Dowan casts a spell at you. The shard of ice hits you!
* * * LOW HITPOINT WARNING * * *
You barely miss Dowan.
Dowan is almost dead.
Dowan barely misses you. Dowan gestures at you while chanting.
The stone arrow hits you!
You die...

##... #...##+
#...+..####
#...# #...# #
#...###...####
#....†.......>
###.#########.
##########.#
#......
#..)@e.....#
#......
##.#########
#...... #.#
#####.. #.#
#.. #.# ##.
#.# #. #. #S#
#. #. #..
#.##+## #. ...
#.....# #.


You could see Dowan (fast).

Vanquished Creatures
  Duvessa (D:4)
  2 bullfrogs
  8 adders
  5 worms
  A dart slug (D:3)
  12 orcs
  15 ball pythons
  3 endoplasms
  A giant cockroach (D:3)
  6 hobgoblins
  2 jackals (D:4)
  6 kobolds
  3 quokkas
  5 bats
  5 frilled lizards
  5 goblins
  8 rats
88 creatures vanquished.

Notes
Turn   | Place    | Note
-------+----------+-------------------------------------------
     0 | D:1      | arthad the Gargoyle Fighter began the quest for the Orb.
     0 | D:1      | Reached XP level 1. HP: 14/14 MP: 1/1
   115 | D:1      | Reached XP level 2. HP: 19/19 MP: 2/2
   387 | D:1      | Reached XP level 3. HP: 20/24 MP: 3/3
   965 | D:2      | Reached XP level 4. HP: 24/29 MP: 4/4
  1529 | D:3      | Reached XP level 5. HP: 32/33 MP: 5/5
  2047 | D:3      | Reached skill level 1 in Throwing
  2047 | D:3      | Reached XP level 6. HP: 20/39 MP: 6/6
  2281 | D:4      | Noticed Duvessa
  2281 | D:4      | Noticed Dowan
  2300 | D:4      | Killed Duvessa
  2303 | D:4      | Killed from afar by Dowan

Illustrated notes

Levels and vault maps discovered:
D:1:      evilmike_arrival_rings, layout_rooms
D:2:      layout_basic, hangedman_abyss_or_decor_stabs
D:3:      layout_rooms, minmay_snake_closets
D:4:      layout_basic, nicolae_tso_swordbearing_angel, uniq_duvessa

Skill      XL: |  1  2  3  4  5 |
---------------+----------------+-----
Fighting       | 4 |  4.8
Armour         | 4 |  4.8
Shields        | 4 |  4.8
Maces & Flails | 3 |  3.8
Throwing       | 1 |  1.3

Action                     |  1- 3 |  4- 6 || total
---------------------------+-------+-------++-------
  Melee: Flail             |   127 |   175 ||   302
         Morningstar       |       |    15 ||    15
  Throw: Dart              |       |     5 ||     5
    Use: Potion            |       |     1 ||     1
 Armour: Scale mail        |    77 |   145 ||   222
  Dodge: Dodged            |    67 |   103 ||   170
  Block: Buckler           |    24 |    47 ||    71
